 Dungeon Crawl Stone Soup version 0.28.0-43-g3370ac3207 (webtiles) character file.

Game seed: 7297082338958776142

24 Ijustatesigmund the Sneak (level 2, 0/14 HPs)
             Began as a Spriggan Brigand on Mar 4, 2022.
             Constricted to death by a ball python (1 damage)
             ... on level 2 of the Dungeon.
             The game lasted 00:02:22 (1411 turns).

Ijustatesigmund the Sneak (Spriggan Brigand)        Turns: 1411, Time: 00:02:23

Health: 0/14       AC:  3    Str:  7    XL:     2   Next: 79%
Magic:  3/3        EV: 14    Int: 12    God:
Gold:   56         SH:  0    Dex: 16    Spells: 1/1 levels left

rFire   . . .      SeeInvis +   a - +2 dagger
rCold   . . .      Faith    .   (no shield)
rNeg    . . .      Spirit   .   b - +0 robe
rPois   .          Reflect  .   (helmet restricted)
rElec   .          Harm     .   c - +0 cloak
rCorr   .          Rampage  .   (gloves unavailable)
Will    .....                   (boots unavailable)
Stlth   +++.......              (no amulet)
HPRegen 0.04/turn               (no ring)
MPRegen 0.08/turn               (no ring)

@: lethally poisoned (0 -> -9), constricted, very quick
A: very small, no large weapons, unfitting armour, see invisible, speed 3
a: no special abilities


You were on level 2 of the Dungeon.
You visited 1 branch of the dungeon, and saw 2 of its levels.

You collected 56 gold pieces.

Inventory:

Hand Weapons
 a - a +2 dagger (weapon)
Missiles
 d - 8 poisoned darts (quivered)
 e - 2 curare-tipped darts
Armour
 b - a +0 robe (worn)
 c - a +0 cloak (worn)
Jewellery
 i - a ring of ice
Scrolls
 f - a scroll of enchant armour
 g - 2 scrolls of identify
 h - a scroll of fear {unknown}


   Skills:
 - Level 1.5 Fighting
 + Level 3.0 Short Blades
 - Level 2.0 Throwing
 + Level 2.8 Dodging
 + Level 5.9 Stealth


You had one spell level left.
You didn't know any spells.
Your spell library was empty.

Dungeon Overview and Level Annotations

Branches:
Dungeon (2/15)

Altars:


Innate Abilities, Weirdness & Mutations

You are very small and have problems with some larger weapons.
You are too small for most types of armour.
You have supernaturally acute eyesight. (SInv)
You cover ground extremely quickly. (Speed+++)


Message History

You climb downwards.
There is a stone staircase leading up here.
You open the door.
There is an open door here.
You now have 56 gold pieces (gained 15).
You open the door.
There is an open door here.
Found an escape hatch in the ceiling.
Found 28 arrows.
An adder comes into view.
An endoplasm comes into view.
A ball python comes into view.
Found a black potion.
The ball python hisses angrily.
You miss the adder. The adder bites you but does no damage.
The endoplasm quivers.
You hit the adder but do no damage. The adder bites you.
You are poisoned.
The adder poisons you!
The ball python bites you but does no damage.
The ball python grabs you. The ball python constricts you.
You hit the ball python.
The ball python is moderately wounded.
You feel sick. The adder bites you but does no damage.
You hit the ball python but do no damage.
The ball python is moderately wounded.
You feel sick. The adder bites you.
You are lethally poisoned!
The adder poisons you! The ball python misses you.
The ball python constricts you. The adder bites you but does no damage.
The ball python barely misses you. The ball python constricts you.
The endoplasm hits you but does no damage.
As you read the scroll labelled OJILOLLYBUXT, it crumbles to dust.
It is a scroll of identify.
f - a scroll of enchant armour
* * * LOW HITPOINT WARNING * * *
You feel sick. The adder bites you.
* * * LOW HITPOINT WARNING * * *
The ball python closely misses you. The ball python constricts you.
You die...

#.# #.# #.##
#.###.## #.#
..###..<...##
#.#
......#.....#
#.# #
###......### #.#
#.####.........(
#......###.#####
##.......#.#
#.##@##...# #
#SSJ#...# ##.##
#.# ... .# ### #


You could see an adder, an endoplasm and a ball python.

Vanquished Creatures
  2 dart slugs (D:1)
  3 endoplasms (D:1)
  A giant cockroach (D:1)
  3 goblins (D:1)
  A hobgoblin (D:1)
  2 kobolds (D:1)
  3 ball pythons (D:1)
  A bat (D:1)
  2 frilled lizards
  A rat (D:1)
19 creatures vanquished.

Notes
Turn   | Place    | Note
-------+----------+-------------------------------------------
     0 | D:1      | Ijustatesigmund the Spriggan Brigand began the quest for
                  | the Orb.
     0 | D:1      | Reached XP level 1. HP: 10/10 MP: 2/2
   247 | D:2      | Reached XP level 2. HP: 6/14 MP: 3/3
  1411 | D:2      | Constricted to death by a ball python

Illustrated notes

Levels and vault maps discovered:
D:1:      nicolae_arrival_somewhat_less_tricky_arrival, layout_basic
D:2:      layout_loops_corners, basic_ecumenical_altar, minmay_split_cup_small,
          uniq_jessica

Skill      XL: |  1  2 |
---------------+-------+-----
Dodging        | 2 |  2.8
Short Blades   | 3 |  3.0
Fighting       | |  1.5
Throwing       | |  2.0
Stealth        | |  5.9

Action                   || total
-------------------------++-------
Melee: Dagger            ||    62
       Punch             ||     1
Throw: Dart              ||     2
  Use: Scroll            ||     1
 Stab: Sleeping          ||     5
Armor: Robe              ||    10
Dodge: Dodged            ||    33
